Map: Crête de Lerilak

Players

leto - Winner!

  • Race: Terran Terran
  • League: Bronze
  • Spawn Location: 11:00

zidar

  • Race: Zerg Zerg
  • League: Silver
  • Spawn Location: 1:00

VOD

Have the link to the VOD?

Description

Time

  • Played on: Nov. 21, 2015, 6:30 a.m.
  • Length: 18:13
Show
View Real Time Build Order
Export as new Build Order

leto Terran - Winner!

Build Orders:  

Get SALT Encoding   

  12  0:01  SCV  
  13  0:13  SCV  
  14  0:19  Supply Depot  
  14  0:25  SCV  
  15  0:30  Refinery  
  15  0:41  SCV  
  16  0:46  Barracks  
  16  0:56  Refinery  
  16  0:58  SCV  
  17  1:10  SCV  
  18  1:33  Orbital Command  
  18  1:37  Factory  
  18  1:38  Barracks Reactor  
  18  1:54  Supply Depot  
  18  2:00  SCV  
  19  2:12  SCV  
  19  2:14  Marine x2  
  22  2:25  SCV  
  23  2:30  Armory  
  23  2:34  Starport  
  23  2:41  SCV  
  24  2:53  SCV  
  24  2:55  Barracks Reactor  
  25  3:01  Hellion  
  27  3:05  SCV  
  27  3:08  Supply Depot  
  30  3:13  Hellion  
  30  3:17  SCV  
  31  3:30  Hellion  
  31  3:32  Supply Depot  
  35  3:34  Hellion  
  34  3:42  Medivac x2  
  39  3:51  Barracks Tech Lab  
  39  3:53  Hellion  
  40  4:05  Factory  
  40  4:12  Command Center  
  40  4:14  SCV  
  45  4:40  Widow Mine x2  
  45  4:53  Supply Depot  
  45  4:54  Liberator  
  45  5:09  Widow Mine  
  42  5:27  Orbital Command  
  46  5:31  Widow Mine  
  44  5:40  SCV  
  45  5:44  Siege Tank  
  45  5:46  Hellbat  
  50  5:53  Hellbat  
  52  6:01  Orbital Command  
  52  6:08  Hellbat  
  52  6:10  Liberator  
  54  6:14  Hellbat  
  54  6:15  SCV  
  54  6:16  Refinery, Hellbat  
  59  6:27  SCV  
  59  6:29  Hellbat  
  65  6:34  SCV  
  65  6:35  Hellbat  
  65  6:38  Hellbat  
  70  6:40  SCV  
  70  6:42  Refinery  
  67  6:49  SCV  
  67  6:51  Hellbat  
  70  7:03  Terran Vehicle Weapons Level 1  
  70  7:08  Supply Depot  
  70  7:12  Supply Depot  
  70  7:29  SCV x2  
  76  7:30  Hellbat x2  
  76  7:32  Supply Depot, Engineering Bay  
  76  7:34  Siege Tank  
  76  7:35  Barracks  
  79  7:41  SCV x2  
  81  7:45  Barracks  
  81  7:49  Barracks Tech Lab  
  85  7:51  Hellbat x2  
  85  7:53  SCV x2, Supply Depot  
  87  8:06  SCV x2, Siege Tank  
  87  8:12  Hellbat  
  94  8:13  Hellbat  
  82  8:38  Siege Tank  
  85  8:50  Hellbat  
  85  8:51  Hellbat  
  85  8:53  Marauder  
  89  9:00  SCV x2  
  91  9:09  Barracks Tech Lab x2  
  91  9:10  Thor  
  91  9:12  Hellbat  
  91  9:15  Marauder  
  101  9:26  Command Center  
  101  9:27  Supply Depot  
  101  9:31  Supply Depot  
  99  9:36  Marauder  
  99  9:39  Marauder  
  99  9:40  SCV  
  102  9:48  SCV  
  102  9:49  Marauder  
  105  9:53  Thor  
  105  9:58  Marauder  
  110  10:00  Marauder  
  110  10:03  Terran Vehicle And Ship Armor Level 1  
  110  10:04  Terran Infantry Weapons Level 1  
  112  10:09  Engineering Bay  
  112  10:10  Marauder  
  112  10:12  Supply Depot  
  112  10:13  Medivac x2  
  118  10:25  Liberator  
  118  10:34  Refinery, SCV x2  
  120  10:39  Refinery  
  120  10:46  SCV  
  120  10:49  Medivac  
  122  11:03  Marine x2  
  122  11:04  Marauder  
  126  11:15  Hellbat x3  
  132  11:19  Medivac  
  132  11:21  Marauder  
  132  11:22  Marauder  
  132  11:25  Marauder, Medivac  
  118  11:39  Hellbat x3  
  124  11:43  Marauder x2  
  124  11:47  Marauder  
  130  12:00  Hellbat x3  
  136  12:04  Marauder x2  
  140  12:25  Supply Depot  
  140  12:26  Supply Depot  
  140  12:28  Supply Depot  
  140  12:35  Marine  
  141  12:47  Marauder x2, Hellbat x2  
  141  12:48  Hellbat, Medivac x2  
  155  12:53  Marauder  
  157  13:08  Marauder, Hellbat x2  
  163  13:15  Supply Depot  
  163  13:18  Medivac  
  113  13:20  Orbital Command  
  165  13:25  Supply Depot  
  165  13:32  Medivac  
  161  14:02  Hellbat x3  
  163  14:05  Marauder  
  163  14:06  Marauder x2  
  163  14:07  Medivac x2  
  168  14:23  Terran Vehicle Weapons Level 2, Hellbat  
  168  14:24  Hellbat, Siege Tank  
  175  14:25  Combat Shield  
  175  14:27  Marauder x2  
  175  14:28  Concussive Shells, Stimpack  
  177  14:56  Siege Tank  
  180  15:06  Supply Depot  
  180  15:07  Command Center  
  180  15:28  Marauder x2  
  181  15:49  Marauder x2  
  183  15:53  Viking x2  
  180  16:10  Marauder  
  178  16:14  Thor  
  184  16:22  Viking  
  184  16:23  Factory Reactor, Viking  
  188  16:52  Viking  
  188  16:53  Viking  
  192  16:55  Factory  
  192  16:57  Thor  
  198  17:01  Barracks  
  198  17:03  Barracks  
  146  17:32  Marauder  
  146  17:33  Marauder  
Show
View Real Time Build Order
Export as new Build Order

zidar Zerg 

Build Orders: Hatch First 

Get SALT Encoding   

  12  0:01  Drone  
  13  0:12  Overlord  
  13  0:17  Drone  
  14  0:31  Drone x2  
  16  0:55  Hatchery  
  16  0:56  Drone  
  16  1:01  Drone  
  17  1:14  Spawning Pool  
  17  1:18  Drone  
  17  1:23  Extractor  
  17  1:24  Drone  
  17  1:27  Drone  
  17  1:32  Drone  
  19  1:40  Overlord  
  19  2:01  Queen  
  21  2:16  Queen  
  23  2:23  Drone x5  
  23  2:29  Metabolic Boost  
  28  2:34  Drone  
  29  2:38  Zergling x2  
  30  3:06  Overlord x2  
  30  3:07  Baneling Nest  
  29  3:21  Roach Warren  
  29  3:25  Drone  
  29  3:26  Drone x8  
  37  3:32  Extractor  
  36  4:06  Evolution Chamber  
  35  4:19  Roach x4  
  42  4:26  Overlord x3  
  42  4:33  Zerg Missile Weapons Level 1  
  42  4:49  Roach  
  42  4:50  Roach x10  
  58  5:26  Ravager  
  58  5:27  Ravager  
  60  5:33  Extractor  
  59  5:37  Queen  
  59  5:38  Extractor  
  59  5:39  Ravager  
  61  5:45  Ravager  
  62  6:13  Roach x2  
  62  6:18  Overlord x3  
  66  6:19  Overlord  
  65  6:54  Ravager x3  
  67  6:55  Ravager  
  69  7:09  Drone  
  69  7:10  Drone x6  
  69  7:13  Roach  
  69  7:14  Roach x7  
  92  7:21  Lair  
  92  7:47  Hatchery  
  64  8:33  Roach x15  
  94  8:43  Ravager  
  94  8:44  Ravager x2  
  97  9:06  Roach x4  
  88  9:44  Drone x9  
  89  10:01  Ravager x2  
  89  10:02  Ravager x2  
  93  10:07  Queen  
  95  10:14  Zerg Ground Armor Level 1  
  95  10:19  Evolution Chamber  
  94  10:32  Drone x10  
  94  10:33  Drone x2  
  94  10:35  Overlord  
  106  10:38  Overlord x3  
  86  12:00  Infestation Pit  
  85  12:03  Roach  
  85  12:04  Roach x14  
  85  12:05  Roach x4  
  85  12:08  Zerg Missile Weapons Level 2  
  123  12:18  Extractor  
  123  12:19  Extractor  
  123  12:22  Zerg Ground Armor Level 2  
  121  12:32  Drone x4  
  121  12:33  Drone x2  
  121  12:34  Drone  
  121  12:35  Drone  
  121  12:36  Drone x4  
  133  12:40  Ravager x2  
  133  12:41  Ravager x3  
  136  13:14  Spawning Pool  
  126  13:45  Spire  
  87  14:54  Roach Warren  
  86  15:02  Corruptor x4  
  86  15:03  Corruptor x3  
  100  15:10  Queen  
  98  15:21  Queen x2  
  94  15:46  Queen  
  96  16:08  Overseer  
  96  16:45  Roach  
  96  16:46  Roach x14  
  126  16:50  Ravager x2  
  126  16:51  Ravager  
  129  16:57  Corruptor  
  53  17:40  Roach  
  53  17:41  Roach x17  
Tags
 
Add a new tag
Caveats
  • Supply blocks, unpowered buildings, or Contaminate may cause inaccurate times.
  • Supply counts are checked every 10 seconds.